 Dungeon Crawl Stone Soup version 0.15-a0-1375-g78abf48 (webtiles) character file.

245 zercules the Shield-Bearer (level 6, -1/37 HPs)
             Began as a Gargoyle Fighter on June 10, 2014.
             Slain by an ogre
             ... wielding a +0,+0 giant club
              (3 damage)
             ... on Level 4 of the Dungeon.
             The game lasted 00:06:56 (1851 turns).

zercules the Shield-Bearer (Gargoyle Fighter)       Turns: 1851, Time: 00:06:56

HP  -1/37        AC 13     Str 19      XL: 6   Next: 10%
MP   6/6         EV  8     Int 11      God:
Gold 68          SH  9     Dex  9      Spells:  0 memorised,  5 levels left

rFire  + . .     SeeInvis .     a - +0 flail
rCold  . . .     Clarity  .     x - +2 ring mail "Ynuokh" {+Fly rF+ rN+ Stlth+}
rNeg   + + .     rCorr    .     c - +0 shield
rPois  +         rRot     +     (no helmet)
rElec  +         Spirit   .     (no cloak)
SustAb .         Warding  .     (no gloves)
rMut   .         Stasis   .     o - +0 pair of boots
Gourm  .                        (no amulet)
MR     .....                    (no ring)
                                (no ring)

@: not resistant to hostile enchantments, very unstealthy
A: life protection 1, electricity resistance, unbreathing, petrification
resistance, rot immunity, AC +4
a: Evoke Flight


You were on level 4 of the Dungeon.
You were not hungry.

You visited 1 branch of the dungeon, and saw 4 of its levels.

You collected 68 gold pieces.

Inventory:

Hand weapons
 a - a +0,+0 flail (weapon)
Armour
 b - a +0 scale mail
 c - a +0 shield (worn)
 o - a +0 pair of boots (worn)
 x - the +2 ring mail "Ynuokh" (worn) {+Fly rF+ rN+ Stlth+}
   (You found it on level 4 of the Dungeon)

   It protects you from fire.
   It protects you from negative energy.
   It lets you fly.
   It makes you more stealthy.
 y - a +0 cloak
Magical devices
 j - a wand of random effects (8) {unknown}
 s - a wand of digging (4)
Comestibles
 d - 3 bread rations
Scrolls
 h - a scroll of noise {unknown}
 i - 2 scrolls of identify {unknown}
 k - a scroll of blinking {unknown}
 l - a scroll of magic mapping {unknown}
 m - 2 scrolls of teleportation {unknown}
 p - a scroll of random uselessness {unknown}
 q - a scroll of remove curse {unknown}
 t - a scroll of enchant weapon II {unknown}
 u - a scroll of fog {unknown}
 v - a scroll of recharging {unknown}
Jewellery
 f - a +7,+6 ring of slaying {unknown}
 w - a cursed ring of poison resistance {unknown}
Potions
 e - 2 potions of might
 g - a potion of degeneration {unknown}
 n - 3 potions of curing {unknown}
 z - a potion of heal wounds {unknown}


   Skills:
 - Level 3.2 Fighting
 + Level 4.6 Maces & Flails
 - Level 3.2 Armour
 + Level 5.5 Shields


You had 5 spell levels left.
You didn't know any spells.

Dungeon Overview and Level Annotations

Branches:
Dungeon (4/15)
 Temple: D:4-7

Altars:
Trog


Innate Abilities, Weirdness & Mutations

You are resistant to torment.
You are immune to poison.
Your stone body is very resilient (AC +4).
You resist negative energy.
You are resistant to electric shocks.
You can survive without breathing.
You are immune to petrification.
You are immune to rotting.


Message History

Evoke which item? (* to show all) (? for menu, Esc to quit)
Zapping:
s - a curved copper wand
Press: ? - help, Shift-Dir - straight line, f - ogre
Aim: an ogre, wielding a giant club (heavily wounded)
The rock shatters into small pieces.
s - a wand of digging {zapped: 1} Something hits you but does no damage.
The orc wizard points at you and mumbles some strange words.
The puff of frost hits you!
* * * LOW HITPOINT WARNING * * *
Huge Dmg: -6%(-2hp) hp: 11%(4hp)
You hit the orc.
The orc is moderately wounded.
You feel less confused. The orc wizard hits you with a dagger.
* * * LOW HITPOINT WARNING * * *
Something hits you but does no damage. The orc hits you with a dagger.
* * * LOW HITPOINT WARNING * * *
The ogre hits you with a giant club.
You die...

#............#.# #.......#..
########.......# #.#####.#..
###...### #.# ##.## #...# #.#
###.. #...# ##.#####...#
#...# #......#....
######...########...........
............o...........#....
.........oO@................
.........roo................
######...###.#####.#####....
#...# #. #.####..... .....#
#. #.......... ##...# .#
#.#####.... #...# . #.#
###.... ..# # #.# #...... #.#
#.#.#..


You could see an ogre, an orc wizard, 3 orcs and a rat.

Vanquished Creatures
  A phantom (D:4)
  A worker ant (D:4)
  Ijyb (D:1)
  7 adders
  A giant mite (D:1)
  An inept feature mimic (D:3)
  An inept item mimic (D:3)
  A worm (D:4)
  4 bats
  4 goblins
  3 hobgoblins (D:3)
  4 kobolds
  A quokka (D:4)
  A giant cockroach (D:1)
  3 giant geckos
  2 giant newts
  A goblin skeleton (D:3)
  3 rats
40 creatures vanquished.

Notes
Turn   | Place    | Note
--------------------------------------------------------------
     0 | D:1      | zercules, the Gargoyle Fighter, began the quest for the Orb.
     0 | D:1      | Reached XP level 1. HP: 14/14 MP: 1/1
   121 | D:2      | Noticed Ijyb
   162 | D:1      | Killed Ijyb
   162 | D:1      | Reached skill level 4 in Shields
   162 | D:1      | Reached XP level 2. HP: 14/19 MP: 2/2
   167 | D:1      | Reached XP level 3. HP: 18/23 MP: 3/3
   205 | D:2      | Huge Dmg: 4 dmg
   206 | D:2      | Huge Dmg: 3 dmg
   557 | D:2      | Reached XP level 4. HP: 26/28 MP: 4/4
   912 | D:4      | Noticed an ogre
  1167 | D:3      | Found a bloodstained altar of Trog.
  1217 | D:4      | Reached XP level 5. HP: 32/32 MP: 5/5
  1288 | D:4      | Got a brightly glowing ring mail
  1301 | D:4      | Identified the +2 ring mail "Ynuokh" {+Fly rF+ rN+ Stlth+} (You found it on level 4 of the Dungeon)
  1483 | D:4      | Noticed a phantom
  1514 | D:4      | Reached skill level 5 in Shields
  1524 | D:4      | Huge Dmg: 5 dmg
  1541 | D:4      | Huge Dmg: 6 dmg
  1543 | D:4      | Killed a phantom
  1543 | D:4      | Reached XP level 6. HP: 13/37 MP: 6/6
  1801 | D:4      | Noticed an ogre
  1807 | D:4      | Huge Dmg: 13 dmg
  1810 | D:4      | Huge Dmg: 20 dmg
  1851 | D:4      | Huge Dmg: 2 dmg
  1851 | D:4      | Slain by an ogre

Action                   |  1- 3 |  4- 6 || total
-------------------------+-------+-------++-------
Melee: Flail             |   113 |   207 ||   320
Evoke: Wand              |       |     1 ||     1
